 Dungeon Crawl Stone Soup version 0.18-a0-1014-g3bbf375 (webtiles) character file.

423439 st0uf the Formicid Blade (level 24, -1/195 HPs)
             Began as a Formicid Fighter on Jan 4, 2016.
             Killed from afar by a fire giant (47 damage)
             ... with a bolt of fire
             ... created by the fury of Okawaru
             ... on level 4 of the Dungeon on Jan 6, 2016.
             The game lasted 11:11:05 (67034 turns).

st0uf the Formicid Blade (Formicid Fighter)        Turns: 67034, Time: 11:11:10

Health: -1/195     AC: 17    Str: 39    XL:     24   Next: 91%
Magic:  32/32      EV: 24    Int:  7    God:
Gold:   2302       SH: 24    Dex: 21    Spells: 7 memorised, 20 levels left

rFire  . . .     SeeInvis +     b - +1 great sword (slice)
rCold  + + .     Gourm    .     H - +2 troll leather armour
rNeg   . . .     Faith    .     K - +3 shield "Gebe Ojo" {Int+5 Slay+3}
rPois  +         Spirit   .     (helmet unavailable)
rElec  .         Dismiss  .     Z - +2 cloak {MR+}
rCorr  .         Reflect  +     A - +1 pair of gloves {Str+3}
SustAt .         Harm     .     k - +2 pair of boots {Fly}
MR     ++++.                    J - +4 amulet of reflection
Stlth  ++........               r - ring "Gaukay" {rC++ Str+5 Int-4 Dex+3}
                                C - ring "Ewanusi" {rPois MR+ Str+7 Int-3}

@: flying, incredibly resistant to hostile enchantments, unstealthy
A: permanent stasis, dig shafts and tunnels, four strong arms, antennae 3
a: Dig, Shaft Self, Stop Flying
}: 2/15 runes: decaying, gossamer


You were on level 4 of the Dungeon.
You were not hungry.

You visited 8 branches of the dungeon, and saw 41 of its levels.
You visited 1 bazaar.
You also visited: Labyrinth and Bailey.

You collected 5231 gold pieces.
You spent 2929 gold pieces at shops.

Inventory:

Hand Weapons
 a - the +9 falchion of Premature Burial {freeze, *Rage rElec MR+++ MP+9}
   (You took it off a deep elf knight on level 3 of the Elven Halls)

   It has been specially enchanted to freeze those struck by it, causing extra
   injury to most foes and up to half again as much damage against particularly
   susceptible opponents.
   It can also slow down cold-blooded creatures.
   It insulates you from electricity.
   It affects your resistance to hostile enchantments.
   It affects your magic capacity (+9).
   It may make you go berserk in combat.
 b - a +1 great sword of slicing (weapon)
 w - the +6 hunting sling of Extremism {velocity, Str+2}
   (Okawaru gifted it to you on level 8 of the Lair of Beasts)

   Any stone fired from it inflicts extra damage.
   It affects your strength (+2).
 z - a +4 scimitar of flaming
 G - a +6 long sword of holy wrath
Missiles
 e - 55 sling bullets of frost
 g - 70 sling bullets of flame
 i - 4 tomahawks of returning (quivered)
 s - 157 sling bullets
 O - 29 poisoned sling bullets
 R - 60 exploding sling bullets
 X - a throwing net
Armour
 k - a +2 pair of boots of flying (worn)
 o - a +0 pair of boots of stealth
 A - a +1 pair of gloves of strength (worn)
 H - a +2 troll leather armour (worn)
 K - the +3 shield "Gebe Ojo" (worn) {Int+5 Slay+3}
   (Okawaru gifted it to you on level 3 of the Lair of Beasts)

   It affects your intelligence (+5).
   It affects your accuracy and damage with ranged weapons and melee attacks
   (+3).
 Z - a +2 cloak of magic resistance (worn)
Jewellery
 h - an uncursed ring of sustain attributes
 j - the amulet of Scepticism {Gourm rN+ Str+3}
   (You took it off a deep elf knight on level 3 of the Elven Halls)

   [amulet of the gourmand]

   It allows you to eat raw meat even when not hungry.
   It affects your strength (+3).
   It protects you from negative energy.
 m - an uncursed ring of invisibility
 r - the ring "Gaukay" (right hand) {rC++ Str+5 Int-4 Dex+3}
   (You found it on level 1 of the Orcish Mines)

   [ring of dexterity]

   It affects your strength (+5).
   It affects your intelligence (-4).
   It affects your dexterity (+3).
   It greatly protects you from cold.
 x - the ring of the Mage {Wiz MR++ Int+3}
   (You took it off a deep elf death mage on level 3 of the Elven Halls)

   [ring of wizardry]

   It improves your spell success rate.
   It affects your intelligence (+3).
   It affects your resistance to hostile enchantments.
 B - the amulet of the Four Winds {rN+ MR+++ Clar}
   (You bought it in a shop on level 2 of the Orcish Mines)

   [amulet of nothing]

   It protects you from negative energy.
   It affects your resistance to hostile enchantments.
   It protects you against confusion.
 C - the ring "Ewanusi" (left hand) {rPois MR+ Str+7 Int-3}
   (You bought it in a shop on level 2 of the Orcish Mines)

   [ring of protection from magic]

   It affects your strength (+7).
   It affects your intelligence (-3).
   It protects you from poison.
   It affects your resistance to hostile enchantments.
 J - a +4 amulet of reflection (around neck)
Scrolls
 c - 6 scrolls of fog
 n - 24 scrolls of remove curse
 v - 6 scrolls of magic mapping
 M - 6 scrolls of fear
 N - 8 scrolls of identify
Potions
 d - 9 potions of might
 l - 2 potions of heal wounds
 t - 9 potions of agility
 u - 2 potions of resistance
 F - 13 potions of curing
 W - 3 potions of cancellation
Comestibles
 f - 14 bread rations


   Skills:
 + Level 17.4 Fighting
 + Level 21.9 Long Blades
 + Level 12.0(15.2) Slings
 + Level 14.4(15.7) Throwing
 + Level 10.5 Armour
 + Level 12.8 Dodging
 - Level 16.0 Shields
 + Level 6.0 Spellcasting
 + Level 5.5 Conjurations
 + Level 10.3 Hexes
 * Level 8.1 Necromancy
   Level 0.5 Invocations


You had 20 spell levels left.
You knew the following spells:

 Your Spells              Type           Power        Failure   Level  Hunger
a - Confuse               Hex            ###.....     1%          3    ###....
b - Slow                  Hex            ###.....     1%          2    ##.....
c - Ensorcelled Hibernat  Hex/Ice        #.....       6%          2    ##.....
d - Dazzling Spray        Conj/Hex       ##......     3%          3    ###....
e - Pain                  Necr           ##..         1%          1    #......
f - Regeneration          Chrm/Necr      #.........   17%         3    ###....
g - Infusion              Chrm           #.....       28%         1    #......


Dungeon Overview and Level Annotations

Branches:
Dungeon (15/15)            Temple (1/1) D:7            Lair (8/8) D:8
  Swamp (4/4) Lair:6       Spider (4/4) Lair:5        Slime (0/6) Lair:8
    Orc (2/2) D:11            Elf (3/3) Orc:2        Vaults (4/5) D:14
  Crypt (0/3) Vaults:2     Depths (0/5) D:15

Altars:
Ashenzari
Cheibriados
Dithmenos
Elyvilon
Fedhas
Gozag
Kikubaaqudgha
Makhleb
Nemelex Xobeh
Okawaru
Pakellas
Qazlal
Ru
Sif Muna
Trog
Vehumet
Xom
Yredelemnul
Zin
The Shining One
Beogh
Jiyva

Shops:
D:5 (   D:10 =   D:11 !   D:14 ((   Orc:2 :[(=   Elf:1 }[}*   Elf:2 }
Vaults:2 :

Annotations:
Swamp:2 exclusions: Nikola and 2 more exclusions


Innate Abilities, Weirdness & Mutations

You are under a permanent stasis effect.
You can dig through walls and to a lower floor.
Your four strong arms can wield two-handed weapons with a shield.
You have a pair of large antennae on your head (SInv).


Message History

That felt strangely unrewarding.
The deep elf archer blinks!
You barely miss the fire giant. You slice the fire giant!!
The fire giant is moderately wounded.
The fire giant hits you with a great sword of flaming!
* * * LOW HITPOINT WARNING * * *
The fire giant burns you.
* * * LOW HITPOINT WARNING * * *
You slash the fire giant!
The fire giant is heavily wounded.
The fire giant completely misses you.
You slice the fire giant!!
The fire giant is almost dead.
You hit the fire giant.
The fire giant is almost dead.
The deep elf mage mumbles some strange words.
The deep elf mage blinks!
The fire giant gestures at you while chanting.
The bolt of fire hits you!
You die...

..#≈........#PP.##.............#
######.###..#PP.##.............#
.......#[##.##...#.............#
..........#...#................##
..............#.##...............
####..#########.##.....e.........
................##...............
....##.#######.###...............
.......# #..@C§..............
....#### #####e..............
....# #{..............
##.###############...........)...
##.##...#........{..####+##......
........#...........#.....#[.....
........#.........(.#.....#......
........'.........e.'.....#......
##'##...#...........#+#####......


You could see a fire giant and 2 deep elf magi.

Vanquished Creatures
  Saint Roka (Orc:2)
  Frederick (Vaults:4)
  the Lernaean hydra (Swamp:4)
  Nikola (Swamp:2)
  A lich (Vaults:3)
  Rupert (Lair:7)
  Jorgrun (Swamp:3)
  A tentacled monstrosity (Vaults:4)
  Asterion (Elf:2)
  2 deep elf master archers (Elf:3)
  3 deep elf blademasters
  The ghost of nublet the Grappler, an adept DrTm of Sif Muna (Lair:3)
  A titan (D:4)
  Frances (Swamp:2)
  Kirke (Swamp:1)
  An ancient champion (Vaults:2)
  Agnes (D:14)
  A tengu reaver (Vaults:4)
  A shadow dragon (Vaults:4)
  A fire giant (Vaults:4)
  2 ghost moths (Spider:4)
  A frost giant (Vaults:4)
  8 vault wardens
  Donald (Swamp:3)
  11 deep elf sorcerers
  4 orc warlords
  Aizul (Swamp:3)
  4 emperor scorpions
  2 deep elf elementalists (Elf:3)
  12 ironheart preservers
  2 stone giants
  A vampire knight (Vaults:2)
  8 deep elf demonologists
  9 deep elf annihilators
  2 spark wasps
  A dire elephant (Lair:8)
  A large abomination (Elf:3)
  12 deep elf death magi
  A crystal guardian (Vaults:4)
  Snorg (D:13)
  3 great orbs of eyes
  A minotaur (Lab)
  5 vault guards
  9 yaktaur captains
  A jiangshi (Vaults:2)
  2 deep elf high priests (Elf:3)
  An ice dragon (Vaults:4)
  14 ogre magi
  3 entropy weavers
  The ghost of cireshan the Thaumaturge, a journeyman HEFE (Lair:3)
  Erolcha (D:9)
  17 hydras
  2 rakshasas
  2 ghost crabs (Swamp:3)
  Erica (D:8)
  6 centaur warriors
  A catoblepas (Lair:8)
  A ghost crab (shapeshifter) (Vaults:2)
  23 dancing weapons
  15 alligators
  10 death yaks
  A tengu warrior (D:14)
  A small abomination (Vaults:4)
  A deep troll earth mage (Vaults:4)
  3 orc high priests
  2 deep troll shamans
  31 deep elf knights
  Sonja (D:10)
  A fire crab (Vaults:4)
  A shadow wraith (Vaults:4)
  4 skeletal warriors (D:15)
  3 spriggan druids
  2 unseen horrors (D:14)
  14 deep elf archers
  2 shambling mangroves (Swamp:3)
  16 swamp dragons
  A flayed ghost (Vaults:2)
  10 ironbrand convokers
  10 hill giants
  5 deep trolls (Vaults:4)
  26 wolf spiders
  Pikel (D:6)
  15 orb spiders
  12 orc sorcerers
  A wizard (D:15)
  2 salamanders (shapeshifter)
  4 cyclopes
  22 ugly things
  10 hornets
  24 orc knights
  101 deep elf magi
  4 manticores
  A cyclops (shapeshifter) (Elf:1)
  A hornet (shapeshifter) (D:14)
  10 griffons
  18 elephants
  A moth of wrath (Spider:4)
  Joseph (D:9)
  Psyche (D:10)
  2 naga magi (D:15)
  A torpor snail (Spider:4)
  5 black mambas
  9 vault sentinels
  3 gargoyles
  4 kobold demonologists
  23 spiny frogs
  A spiny frog (shapeshifter) (Vaults:3)
  An efreet (D:15)
  7 komodo dragons
  17 yaktaurs
  A fire drake (shapeshifter) (Vaults:2)
  3 fire drakes
  5 demonic crawlers
  5 freezing wraiths
  A minotaur zombie (Lab)
  13 trolls
  4 giant leeches
  23 jumping spiders
  A polar bear (Lair:8)
  Prince Ribbit (D:9)
  25 blink frogs
  5 bog bodies
  19 two-headed ogres
  24 slime creatures
  3 boulder beetles
  14 trapdoor spiders
  Sigmund (D:4)
  2 shadows
  51 redbacks
  A spriggan (shapeshifter) (Vaults:4)
  9 water elementals
  An air elemental (Orc:2)
  5 spriggans
  2 tarantellas (shapeshifter)
  2 vampires (D:14)
  25 tarantellas
  3 fire bats (Lair:2)
  37 yaks
  3 wyverns
  3 fire elementals
  8 wraiths
  3 hogs (Swamp:1)
  6 hungry ghosts
  A golden eye (shapeshifter) (Vaults:2)
  8 basilisks
  Grum (D:8)
  7 hippogriffs
  A human simulacrum (Vaults:3)
  28 wolves
  19 swamp worms
  49 vampire mosquitoes
  Edmund (D:4)
  5 mottled dragons
  11 insubstantial wisps
  A soldier ant (D:12)
  17 wargs
  14 water moccasins
  7 porcupines
  5 black bears
  An ice beast (D:5)
  82 orc warriors
  3 phantoms
  13 swamp drakes
  4 slaves
  10 wasps
  A black bear (shapeshifter) (D:14)
  4 sky beasts
  56 ogres
  15 centaurs
  15 crocodiles
  Blork the orc (D:6)
  18 big kobolds
  21 giant frogs
  6 earth elementals
  A wyvern skeleton (D:12)
  4 scorpions
  A water moccasin skeleton (D:4)
  26 killer bees
  3 electric eels
  3 spriggan skeletons (D:11)
  2 giant frog zombies
  5 crimson imps
  2 jellies
  12 hounds
  2 centaur zombies
  36 orc priests
  4 centaur skeletons
  10 iguanas
  39 orc wizards
  9 worker ants
  22 sheep
  3 hound skeletons
  2 worker ant zombies
  7 gnolls
  15 adders
  49 river rats
  3 shadow imps
  4 oozes
  5 adder skeletons
  2 adder zombies
  A worm (D:2)
  7 giant geckos
  184 orcs
  6 bats
  6 giant cockroaches
  15 goblins
  4 hobgoblins
  15 jackals
  21 kobolds
  5 quokkas
  A giant gecko skeleton (D:4)
  A giant newt (D:1)
  A quokka skeleton (D:5)
  4 rats
  A butterfly (Lair:5)
  A plant (Lair:8)
1941 creatures vanquished.

Vanquished Creatures (others)
  An ironheart preserver (Vaults:3)
  Josephine (D:10)
  2 yaktaur captains (Vaults:3)
  An ogre mage (Vaults:3)
  2 centaur warriors
  2 deep elf knights
  10 deep elf archers
  3 deep elf magi
  2 cyclopes
  A vault sentinel (Vaults:3)
  7 yaktaurs
  A yak (D:8)
  A human (Swamp:1)
  A vampire mosquito (Vaults:3)
  3 orc warriors
  8 centaurs
  2 orcs
  13 fungi
  6 plants
67 creatures vanquished.

Grand Total: 2008 creatures vanquished

Notes
Turn   | Place    | Note
--------------------------------------------------------------
     0 | D:1      | st0uf the Formicid Fighter began the quest for the Orb.
     0 | D:1      | Reached XP level 1. HP: 18/18 MP: 1/1
   408 | D:1      | Reached XP level 2. HP: 17/24 MP: 2/2
   650 | D:1      | Reached XP level 3. HP: 27/29 MP: 3/3
  1026 | D:1      | Reached skill level 4 in Shields
  1162 | D:2      | Reached XP level 4. HP: 32/35 MP: 4/4
  1546 | D:2      | Reached XP level 5. HP: 37/41 MP: 5/5
  1692 | D:3      | Found an iron altar of Okawaru.
  1696 | D:3      | Became a worshipper of Warmaster Okawaru
  1702 | D:3      | Found a sparkling altar of Nemelex Xobeh.
  1705 | D:3      | Found an ancient bone altar of Kikubaaqudgha.
  1708 | D:3      | Found a stormy altar of Qazlal.
  1784 | D:3      | Found a deep blue altar of Sif Muna.
  1863 | D:3      | Found a burning altar of Makhleb.
  1863 | D:3      | Found a snail-covered altar of Cheibriados.
  2050 | D:3      | Reached skill level 1 in Dodging
  2952 | D:4      | Noticed Edmund
  3006 | D:4      | Reached XP level 6. HP: 43/48 MP: 6/6
  3071 | D:5      | Entered Level 5 of the Dungeon
  3076 | D:5      | Noticed an ice beast
  3093 | D:5      | Killed an ice beast
  3093 | D:5      | Reached skill level 1 in Slings
  3093 | D:5      | Reached skill level 5 in Shields
  3427 | D:5      | Reached * piety under Okawaru
  3427 | D:5      | Reached XP level 7. HP: 39/54 MP: 7/7
  3601 | D:5      | Found an opulent altar of Gozag.
  3749 | D:5      | Found Ucleh's Weapon Emporium.
  3968 | D:5      | Found a glowing golden altar of the Shining One.
  4464 | D:6      | Reached XP level 8. HP: 30/60 MP: 8/8
  4765 | D:6      | Noticed Blork the orc
  4776 | D:6      | Killed Blork the orc
  4776 | D:6      | Reached skill level 5 in Armour
  4948 | D:6      | Reached ** piety under Okawaru
  4948 | D:6      | Reached skill level 5 in Long Blades
  5136 | D:6      | Found a basalt altar of Yredelemnul.
  5137 | D:6      | Found a blossoming altar of Fedhas.
  5169 | D:6      | Found a bloodstained altar of Trog.
  5607 | D:7      | Found a staircase to the Ecumenical Temple.
  5614 | Temple   | Entered the Ecumenical Temple
  5744 | D:7      | Reached skill level 6 in Long Blades
  5744 | D:7      | Reached XP level 9. HP: 67/67 MP: 9/9
  5780 | D:7      | Reached skill level 5 in Fighting
  6226 | D:7      | Reached *** piety under Okawaru
  6226 | D:7      | Reached skill level 5 in Slings
  6290 | D:7      | Noticed Pikel
  6869 | D:7      | Found a shimmering altar of Xom.
  7030 | D:8      | Noticed Erica
  7052 | D:8      | Killed Erica
  7052 | D:8      | Reached skill level 7 in Long Blades
  7058 | D:8      | Found a sacrificial altar of Ru.
  7115 | D:8      | Reached XP level 10. HP: 74/74 MP: 10/10
  7140 | D:8      | Found an oddly glowing altar of Pakellas.
  7140 | D:8      | Noticed an orange crystal statue
  7214 | D:8      | Found a staircase to the Lair.
  7222 | D:8      | Found a white marble altar of Elyvilon.
  7377 | D:8      | Noticed Grum
  7398 | D:8      | Killed Grum
  8246 | D:8      | Reached **** piety under Okawaru
  8246 | D:8      | Reached skill level 8 in Long Blades
  8954 | D:9      | Reached ***** piety under Okawaru
  8974 | D:9      | Reached skill level 5 in Dodging
  9237 | D:9      | Noticed Erolcha
  9262 | D:9      | Killed Erolcha
  9262 | D:9      | Reached XP level 11. HP: 45/81 MP: 11/11
  9403 | D:9      | Reached skill level 9 in Long Blades
  9558 | D:9      | Noticed Joseph
  9760 | D:6      | Killed Pikel
  9828 | D:4      | Killed Edmund
  9976 | D:4      | Noticed Sigmund
  9983 | D:4      | Killed Sigmund
  9983 | D:4      | Received a gift from Okawaru
 10203 | Lair:1   | Entered Level 1 of the Lair of Beasts
 10512 | Lair:1   | Reached skill level 10 in Long Blades
 10824 | Lair:1   | Got an ancient hunting sling
 10825 | Lair:1   | Identified the cursed +0 hunting sling "Undertaker" {venom, Str+3} (You found it on level 1 of the Lair of Beasts)
 11107 | Lair:1   | Received a gift from Okawaru
 12286 | Lair:2   | Reached XP level 12. HP: 91/91 MP: 12/12
 12297 | Lair:2   | Received a gift from Okawaru
 12558 | Lair:2   | Reached skill level 11 in Long Blades
 12654 | Lair:2   | Noticed a seven-headed hydra
 12667 | Lair:2   | Killed a two-headed hydra
 12667 | Lair:2   | Reached ****** piety under Okawaru
 13249 | Lair:3   | Noticed cireshan's ghost (journeyman HEFE)
 13249 | Lair:3   | Noticed nublet's ghost (adept DrTm)
 13693 | Lair:3   | Received a gift from Okawaru
 14062 | Lair:3   | Received a gift from Okawaru
 14062 | Lair:3   | Reached skill level 10 in Shields
 14065 | Lair:3   | Got a polished shield {god gift}
 14076 | Lair:3   | Identified the +3 shield "Gebe Ojo" {Int+5 Slay+3} (Okawaru gifted it to you on level 3 of the Lair of Beasts)
 14772 | Lair:3   | Killed nublet's ghost
 14835 | Lair:3   | Killed cireshan's ghost
 15574 | Lair:4   | Reached skill level 12 in Long Blades
 15823 | Lair:4   | Reached XP level 13. HP: 93/99 MP: 13/13
 16624 | D:5      | Bought 13 sling bullets for 71 gold pieces
 17262 | Lair:5   | Found a hole to the Spider Nest.
 17825 | Lair:5   | Received a gift from Okawaru
 17895 | Lair:5   | Reached skill level 13 in Long Blades
 18014 | Lair:6   | Received a gift from Okawaru
 18036 | Lair:6   | Found a staircase to the Swamp.
 18179 | Lair:6   | Received a gift from Okawaru
 19004 | Lair:7   | Noticed Rupert
 19023 | Lair:7   | Killed Rupert
 19427 | Lair:7   | Reached XP level 14. HP: 102/108 MP: 11/14
 19494 | Lair:7   | Reached skill level 14 in Long Blades
 19726 | Lair:7   | Received a gift from Okawaru
 20235 | Lair:7   | Received a gift from Okawaru
 20763 | Lair:7   | Received a gift from Okawaru
 21289 | Lair:8   | Entered Level 8 of the Lair of Beasts
 21302 | Lair:8   | Received a gift from Okawaru
 21302 | Lair:8   | Reached skill level 10 in Fighting
 21349 | Lair:8   | Found a staircase to the Slime Pits.
 21590 | Lair:8   | Received a gift from Okawaru
 21728 | Lair:8   | Reached skill level 15 in Long Blades
 21963 | Lair:8   | Received a gift from Okawaru
 21963 | Lair:8   | Reached XP level 15. HP: 97/115 MP: 15/15
 21977 | Lair:8   | Got an ichor-stained hunting sling {god gift}
 21978 | Lair:8   | Identified the +6 hunting sling of Extremism {velocity, Str+2} (Okawaru gifted it to you on level 8 of the Lair of Beasts)
 22327 | Lair:8   | Identified the Collected Works on the Oath (You found it on level 8 of the Lair of Beasts)
 22336 | Lair:8   | Identified the Collected Works on Supportive Aid (You found it on level 8 of the Lair of Beasts)
 22683 | Lair:8   | Reached XP level 16. HP: 122/122 MP: 15/21
 22864 | Lair:1   | Learned a level 3 spell: Confuse
 22867 | Lair:1   | Learned a level 2 spell: Slow
 22870 | Lair:1   | Learned a level 2 spell: Ensorcelled Hibernation
 22878 | Lair:1   | Learned a level 3 spell: Dazzling Spray
 23169 | D:9      | Noticed Prince Ribbit
 23172 | D:9      | Killed Prince Ribbit
 23279 | D:10     | Entered Level 10 of the Dungeon
 23459 | D:10     | Noticed Josephine
 23467 | D:10     | Killed Josephine
 23467 | D:10     | Reached skill level 1 in Conjurations
 23671 | D:10     | Noticed Psyche
 23676 | D:10     | Killed Psyche
 23734 | D:10     | Noticed Sonja
 23739 | D:10     | Killed Sonja
 23971 | D:10     | Found Itattuk's Jewellery Boutique.
 24528 | D:11     | Found a staircase to the Orcish Mines.
 24847 | D:11     | Received a gift from Okawaru
 25085 | D:11     | Found Zitrywn's Distillery.
 25259 | D:12     | Found a labyrinth entrance.
 25268 | Lab      | Entered a labyrinth
 25497 | D:12     | Found a flagged portal.
 25527 | Bailey   | Entered a bailey
 26543 | D:12     | Reached skill level 10 in Slings
 26658 | D:12     | Found an opulent altar of Gozag.
 27362 | D:13     | Received a gift from Okawaru
 27410 | D:13     | Found a flickering gateway to a bazaar.
 27417 | Bazaar   | Entered a bazaar
 27430 | Bazaar   | Found Ucla's Distillery.
 27461 | Bazaar   | Found Wifoic's Distillery.
 27476 | Bazaar   | Found Ukkauk's Gadget Emporium.
 27496 | Bazaar   | Found Gizos's Gadget Emporium.
 27562 | D:13     | Noticed Snorg
 27572 | D:13     | Killed Snorg
 27708 | D:13     | Found a deep blue altar of Sif Muna.
 28346 | D:14     | Received a gift from Okawaru
 28382 | D:14     | Found a shadowy altar of Dithmenos.
 28471 | D:14     | Received a gift from Okawaru
 28756 | D:14     | Found Avegyesu's Weapon Boutique.
 28759 | D:14     | Found Hueboede's Weapon Emporium.
 29038 | D:14     | Reached XP level 17. HP: 112/129 MP: 22/22
 29133 | D:14     | Found a gate to the Vaults.
 29224 | D:14     | Reached skill level 10 in Armour
 29311 | D:14     | Received a gift from Okawaru
 29475 | D:14     | Got a bloodstained robe
 29476 | D:14     | Identified the cursed +1 robe of Cocytus {Str+3} (You found it on level 14 of the Dungeon)
 29655 | D:15     | Entered Level 15 of the Dungeon
 29655 | D:15     | Noticed Agnes
 29673 | D:14     | Killed Agnes
 29673 | D:14     | Received a gift from Okawaru
 30046 | D:15     | Reached skill level 5 in Spellcasting
 30046 | D:15     | Reached XP level 18. HP: 136/136 MP: 22/26
 30152 | D:15     | Reached skill level 16 in Long Blades
 30464 | D:15     | Found a staircase to the Depths.
 31122 | Orc:1    | Entered Level 1 of the Orcish Mines
 31698 | Orc:1    | Reached skill level 1 in Throwing
 32141 | Orc:1    | Got a transparent amber ring
 32145 | Orc:1    | Identified the ring "Gaukay" {rC++ Str+5 Int-4 Dex+3} (You found it on level 1 of the Orcish Mines)
 32416 | Orc:2    | Entered Level 2 of the Orcish Mines
 32426 | Orc:1    | Received a gift from Okawaru
 32908 | Orc:2    | Received a gift from Okawaru
 33032 | Orc:2    | Found a roughly hewn altar of Beogh.
 33038 | Orc:2    | Reached skill level 5 in Conjurations
 33055 | Orc:2    | Found Weczukuw's Jewellery Boutique.
 33060 | Orc:2    | Bought the amulet of the Four Winds {rN+ MR+++ Clar} for 508 gold pieces
 33060 | Orc:2    | Bought the ring "Ewanusi" {rPois MR+ Str+7 Int-3} for 758 gold pieces
 33171 | Orc:2    | Found a staircase to the Elven Halls.
 33336 | Orc:2    | Found a roughly hewn altar of Beogh.
 33336 | Orc:2    | Found Beomeris's Book Shoppe.
 33398 | Orc:2    | Noticed Saint Roka
 33437 | Orc:2    | Reached skill level 10 in Hexes
 33790 | Orc:2    | HP: 6/138 [Saint Roka/glaive of chopping (6)]
 33793 | Orc:2    | Killed Saint Roka
 33793 | Orc:2    | Received a gift from Okawaru
 34091 | Orc:2    | Found a roughly hewn altar of Beogh.
 34337 | Orc:2    | Received a gift from Okawaru
 34462 | Orc:2    | Found Kaclogi's Antique Armour Emporium.
 34465 | Orc:2    | Found Irhol's Antique Weapon Shoppe.
 34467 | Orc:2    | Found a roughly hewn altar of Beogh.
 34512 | Orc:2    | Bought a distressingly furry leather armour for 231 gold pieces
 34512 | Orc:2    | Identified the +2 leather armour of the Comet {-Cast rElec Int-2 Dex+6} (You bought it in a shop on level 2 of the Orcish Mines)
 34667 | Lair:1   | Learned a level 1 spell: Pain
 34817 | Elf:1    | Entered Level 1 of the Elven Halls
 35395 | Elf:1    | Reached XP level 19. HP: 115/144 MP: 27/27
 35398 | Elf:1    | Received a gift from Okawaru
 35481 | Elf:1    | Found Hiwisefe's Assorted Antiques.
 35496 | Elf:1    | Bought a scroll of identify for 66 gold pieces
 35661 | Elf:1    | Found Legaqitrep's Gadget Emporium.
 35705 | Elf:1    | Reached skill level 5 in Throwing
 35715 | Elf:1    | Received a gift from Okawaru
 35919 | Elf:1    | Found Xedd's Antique Armour Shoppe.
 35937 | Elf:1    | Bought a faintly humming chain mail for 237 gold pieces
 35937 | Elf:1    | Bought a pair of runed gloves for 112 gold pieces
 35937 | Elf:1    | Identified the cursed +0 chain mail "Cestrop" {rElec MR- Str+2 Int+3} (You bought it in a shop on level 1 of the Elven Halls)
 36193 | Elf:1    | Received a gift from Okawaru
 36521 | Elf:1    | Found Ihethac's Gadget Boutique.
 36746 | Elf:1    | Upgraded the game from 0.18-a0-993-g4a3b7c7 to 0.18-a0-998-gcb3fcb1
 36859 | Elf:1    | Bought a glowing troll leather armour for 375 gold pieces
 36859 | Elf:1    | Bought a glowing ring mail for 100 gold pieces
 36859 | Elf:1    | Bought a slimy leather armour for 175 gold pieces
 36861 | Elf:1    | Identified the +4 leather armour "Eqaokhlo" {*Corrode +Fly rPois rC+++} (You bought it in a shop on level 1 of the Elven Halls)
 36980 | Elf:2    | Reached skill level 17 in Long Blades
 37286 | Elf:2    | Reached skill level 10 in Throwing
 37475 | Elf:2    | Found Kuvif's Quality Used Wands.
 37612 | Elf:2    | Found a huge runed gate.
 37612 | Elf:2    | Found a huge runed gate.
 37612 | Elf:2    | Found a huge runed gate.
 37747 | Elf:2    | Noticed Asterion
 37768 | Elf:2    | Killed Asterion
 37888 | Elf:2    | Received a gift from Okawaru
 38320 | Elf:2    | Reached XP level 20. HP: 111/153 MP: 17/28
 38364 | Elf:2    | Reached skill level 10 in Dodging
 38606 | Elf:2    | Reached skill level 15 in Shields
 38977 | Spider:1 | Entered Level 1 of the Spider Nest
 39310 | Elf:1    | Bought a glowing great sword for 214 gold pieces
 39573 | Swamp:1  | Entered Level 1 of the Swamp
 39670 | Swamp:1  | Found a glowing golden altar of the Shining One.
 39775 | Swamp:1  | Noticed Kirke
 39788 | Swamp:1  | Killed Kirke
 39872 | Swamp:1  | Received a gift from Okawaru
 39905 | Swamp:1  | Got a brightly glowing turquoise ring
 40511 | Swamp:2  | Noticed Nikola
 40760 | Swamp:2  | Identified the ring "Iriskics" {rElec rPois rC+++ Dex-4 Stlth+} (You took it off a spriggan on level 1 of the Swamp)
 40833 | Swamp:2  | Noticed Frances
 40842 | Swamp:2  | Killed Frances
 40933 | Swamp:2  | Found a snail-covered altar of Cheibriados.
 41183 | Swamp:2  | Killed Nikola
 41371 | Swamp:3  | Noticed Jorgrun
 41377 | Swamp:3  | Killed Jorgrun
 41377 | Swamp:3  | Reached skill level 18 in Long Blades
 42118 | Swamp:3  | Noticed Donald
 42123 | Swamp:3  | Noticed Aizul
 42132 | Swamp:3  | Killed Aizul
 42138 | Swamp:3  | Killed Donald
 42322 | Swamp:4  | Entered Level 4 of the Swamp
 42756 | Swamp:4  | Received a gift from Okawaru
 42803 | Swamp:4  | Reached XP level 21. HP: 154/162 MP: 29/29
 42814 | Swamp:4  | Noticed the 27-headed Lernaean hydra
 42838 | Swamp:4  | Killed the 26-headed Lernaean hydra
 42838 | Swamp:4  | Received a gift from Okawaru
 43053 | Swamp:4  | Got a decaying rune of Zot
 46507 | Spider:4 | Entered Level 4 of the Spider Nest
 46518 | Spider:4 | Reached skill level 19 in Long Blades
 46635 | Spider:4 | Received a gift from Okawaru
 47544 | Lair:1   | Learned a level 3 spell: Regeneration
 47546 | Lair:1   | Learned a level 1 spell: Infusion
 48408 | Spider:4 | Got a gossamer rune of Zot
 48822 | Lair:2   | Reached XP level 22. HP: 173/173 MP: 31/31
 49322 | Elf:3    | Entered Level 3 of the Elven Halls
 50084 | Elf:3    | Received a gift from Okawaru
 50234 | Elf:3    | Reached skill level 15 in Fighting
 50362 | Elf:3    | Received a gift from Okawaru
 50374 | Elf:3    | Got an uncursed ivory falchion {freeze}
 50375 | Elf:3    | Identified the +9 falchion of Premature Burial {freeze, *Rage rElec MR+++ MP+9} (You took it off a deep elf knight on level 3 of the Elven Halls)
 50505 | Elf:3    | Got a scintillating lead ring
 50516 | Elf:3    | Received a gift from Okawaru
 50588 | Elf:3    | Received a gift from Okawaru
 50743 | Elf:3    | Reached skill level 20 in Long Blades
 50874 | Elf:3    | Received a gift from Okawaru
 51120 | Elf:3    | Got a vibrating tin amulet
 51465 | Elf:3    | Identified the ring of the Centipede {+Fly Int+3} (You took it off a deep elf mage on level 3 of the Elven Halls)
 51467 | Elf:3    | Identified the amulet of Scepticism {Gourm rN+ Str+3} (You took it off a deep elf knight on level 3 of the Elven Halls)
 51540 | Elf:3    | Got a crude lead ring
 51766 | Lair:1   | Identified the ring of Taeqer {Ice MR+++ Str-2 Int+4 Dex+6} (You took it off a deep elf mage on level 3 of the Elven Halls)
 52246 | D:9      | Killed Joseph
 53411 | D:14     | Bought 15 sling bullets for 82 gold pieces
 53586 | D:15     | Reached skill level 1 in Necromancy
 53639 | Vaults:1 | Entered Level 1 of the Vaults
 53794 | Vaults:1 | Reached XP level 23. HP: 159/183 MP: 32/32
 54117 | Vaults:1 | Found a roughly hewn altar of Beogh.
 55473 | Vaults:2 | Found Sonoleng's Book Emporium.
 55490 | Vaults:2 | Received a gift from Okawaru
 55776 | Vaults:1 | Received a gift from Okawaru
 55792 | Vaults:1 | Got a crude chain mail {god gift}
 55793 | Vaults:1 | Identified the +1 chain mail of Ozayf {-Cast Str+3 Slay+4} (Okawaru gifted it to you on level 1 of the Vaults)
 56216 | Vaults:2 | Reached skill level 21 in Long Blades
 56301 | Vaults:2 | Found a staircase to the Crypt.
 56518 | Vaults:2 | Reached skill level 5 in Necromancy
 56819 | Vaults:3 | Reached XP level 24. HP: 124/193 MP: 32/32
 57485 | Vaults:3 | Received a gift from Okawaru
 57488 | Vaults:3 | Got a shimmering great sword {god gift}
 57489 | Vaults:3 | Identified the +0 great sword of Daunebb {flame, rPois Str-3 Dex+9} (Okawaru gifted it to you on level 3 of the Vaults)
 58717 | Vaults:4 | Noticed Frederick
 58726 | Vaults:4 | Killed Frederick
 58783 | Vaults:4 | Received a gift from Okawaru
 59368 | Vaults:4 | Identified a -1 rod of destruction (14/14) (You found it on level 4 of the Vaults)
 59865 | Lair:1   | Upgraded the game from 0.18-a0-998-gcb3fcb1 to 0.18-a0-1014-g3bbf375
 59981 | D:4      | Fell from the grace of Okawaru
 67034 | D:4      | Killed from afar by a fire giant

Vault maps used:
D:1:      dpeg_arrival_rooms_c
D:3:      grunt_temple_overflow_cloverleaf, lemuel_coloured_pillars_altar,
          gammafunk_temple_overflow_statue
D:4:      sigmund_edmund_badplayer
D:5:      nicolae_tso_swordbearing_angel, lemuel_doored_altar, serial_shops,
          shop, first_bread
D:6:      gammafunk_temple_overflow_pools, minmay_statues_item,
          trog_ov_bears_minmay, uniq_blork_the_orc
D:7:      marbit_many_paths, minmay_temple_entry_overgrown, uniq_pikel
D:8:      elyvilon_altar_5, hangedman_ru_absence, lair_0_dummy, special_room,
          serial_co_window_serial, co_window_corner_a, co_window_corner_a,
          co_window_paths_a, co_window_corner_a, co_window_paths_b,
          co_window_corner_ca, co_window_broadway_c, co_window_of_opportunity_c,
          co_window_broadway_c, glass_columns_b,
          gammafunk_pakellas_statue_experiment, uniq_grum, uniq_erica
D:9:      uniq_erolcha, uniq_prince_ribbit1, uniq_joseph
D:10:     serial_shops, nicolae_shop_crystal, uniq_sonja, uniq_josephine,
          uniq_psyche
D:11:     hiddenorc1_lemuel, serial_shops, nicolae_shop_behind_doors,
          hangedman_tell_no_tales
D:12:     lab_entry_generic, lightli_bailey_entry_fortress,
          nicolae_gozag_cash_rules_everything_around_me
D:13:     serial_shops, bzr_entry_gold, basic_altar, uniq_snorg
D:14:     hangedman_vaults_entry_quadrant_bands,
          nicolae_dithmenos_shadow_blocks, serial_shops, shop,
          nicolae_shop_stone
D:15:     grunt_enter_depths_magical_seal, minivault_10, fungi_pond_lemuel,
          uniq_agnes
Temple:   pf_slimified_temple
Lair:1:   st_stairs_7, infiniplex_staircase_pool, grunt_megastairs_4
Lair:5:   spider_nest_entry_web_field, lemuel_fruit_fields
Lair:6:   swamp_mist
Lair:7:   beast_lair_carwin_3, uniq_rupert
Lair:8:   grunt_lair_end_beastmaster, slime_dummy, serial_bayou_pond_c,
          infiniplex_staircase_pool_2
Swamp:1:  basic_altar, swamp_pool2, hangedman_swamp_lotus, uniq_kirke
Swamp:2:  basic_altar, swamp_pool2, nicolae_swamp_little_tower, uniq_nikola,
          uniq_frances
Swamp:3:  nicolae_swamp_stair_fork, st_swamp_ruins_3, uniq_aizul, uniq_donald,
          uniq_jorgrun
Swamp:4:  swamp_old_school
Spider:2: nicolae_spider_cling_ruins
Spider:4: spider_rune_water
Orc:1:    minmay_orc_treasury
Orc:2:    grunt_orc_community_town_hall, grunt_orc_community_big_house_1,
          grunt_orc_community_big_house_2, grunt_orc_community_house_1,
          grunt_orc_community_house_2, grunt_orc_community_house_3,
          grunt_orc_community_house_1, uniq_saint_roka
Elf:1:    elf_arrival_002, serial_shops, shop, nicolae_shop_window_shopping,
          shop_coins, shop, hangedman_elf_represent, grunt_megastairs_5
Elf:2:    nicolae_for_you_no_charge, uniq_asterion
Elf:3:    elf_hall, roderic_lattice_octagonal_star
Vaults:1: v_misc_18, special_room_vaults, v_alt_pattern_6,
          grunt_vaults_trifunnel, vaults_room_door_ring, v_alt_pattern_2,
          ontoclasm_vaults_eye, nicolae_vaults_little_squares_3,
          nicolae_vaults_asterisk, ontoclasm_vaults_spin, v_misc_8,
          nicolae_vaults_theta
Vaults:2: nicolae_vaults_stairing_the_circle, ontoclasm_vaults_hangar,
          minmay_crypt_entry_simple_walls, v_misc_1,
          nicolae_vaults_ninety_degrees, hangedman_vaults_locks, v_pattern_2,
          st_hourglassy, nicolae_vaults_alarming,
          ontoclasm_vaults_decontamination, serial_shops, shop
Vaults:3: hangedman_vaults_corner_blocks, grunt_vaults_funnel, v_misc_31,
          v_rooms_3, vaults_room_grunt_arrival_checkpoint, vaults_room_hallway,
          hangedman_vaults_corner, ontoclasm_vaults_twist, vaults_room_fours,
          nicolae_vaults_little_squares_4
Vaults:4: ontoclasm_vaults_chip, nicolae_vaults_asterisk, st_octagons_1,
          v_rooms_6, nicolae_vaults_theta, v_pattern_4, v_misc_10,
          hangedman_vaults_slither, uniq_frederick
Lab:      labyrinth_hidden_loot, nicolae_lab_very_dead_end
Bazaar:   dpeg_bazaar_wands
Bailey:   bailey_polearm_1, bailey

Action                   |  1- 3 |  4- 6 |  7- 9 | 10-12 | 13-15 | 16-18 | 19-21 | 22-24 || total
-------------------------+-------+-------+-------+-------+-------+-------+-------+-------++-------
Melee: Long sword        |   102 |   155 |   293 |   436 |    43 |   137 |     1 |    75 ||  1242
       Unarmed           |       |       |     5 |       |       |       |       |       ||     5
       Scimitar          |       |       |       |   385 |   810 |  1070 |   477 |       ||  2742
       Great sword       |       |       |       |       |       |       |  1010 |  1378 ||  2388
       Falchion          |       |       |       |       |       |       |       |   176 ||   176
 Fire: Hunting sling     |       |    22 |   103 |   124 |   132 |   367 |       |   126 ||   874
Throw: Tomahawk          |       |       |       |       |       |   123 |   444 |   253 ||   820
       Javelin           |       |       |       |       |       |       |    59 |     7 ||    66
       Throwing net      |       |       |       |       |       |       |       |     1 ||     1
 Cast: Dazzling Spray    |       |       |       |       |       |     2 |     3 |       ||     5
       Confuse           |       |       |       |       |       |       |     5 |       ||     5
       Pain              |       |       |       |       |       |       |       |     1 ||     1
Invok: Heroism           |       |       |       |     2 |     3 |     1 |     4 |     8 ||    18
       Renounce Religion |       |       |       |       |       |       |       |     1 ||     1
 Abil: Dig               |     3 |     5 |     5 |    17 |    11 |     9 |    16 |       ||    66
       Evoke Flight      |       |       |       |       |       |     2 |     6 |       ||     8
  Use: Scroll            |       |       |     1 |    15 |    15 |    13 |    10 |     5 ||    59
       Potion            |       |       |       |     1 |     1 |     6 |     2 |     2 ||    12
 Stab: Distracted        |       |       |       |       |       |       |     3 |     4 ||     7
       Confused          |       |       |       |       |       |       |     1 |       ||     1
       Invisible         |       |       |       |       |       |       |     2 |       ||     2
       Sleeping          |       |       |       |       |       |       |       |     1 ||     1
  Eat: Chunk             |     1 |     7 |    15 |    25 |    23 |    42 |    32 |    38 ||   183
       Fruit             |       |       |     1 |     1 |       |     1 |       |       ||     3
       Bread ration      |       |       |       |     1 |       |       |     3 |     5 ||     9
